 Dungeon Crawl Stone Soup version 0.16.2-12-gd0ad4c3 (webtiles) character file.

457 HAWKINGL3623 the Ducker (level 7, -2/46 HPs)
             Began as a Human Gladiator on Nov 1, 2016.
             Slain by a river rat (5 damage)
             ... in a sewer.
             The game lasted 00:20:16 (4531 turns).

HAWKINGL3623 the Ducker (Human Gladiator)           Turns: 4531, Time: 00:20:16

Health: -2/46      AC: 11    Str: 19    XL:     7   Next: 27%
Magic:  7/7        EV: 14    Int: 12    God:    Xom [*.....]
Gold:   256        SH:  0    Dex: 15    Spells: 0 memorised, 6 levels left

rFire  + . .     SeeInvis .     i - +2 spear (distort)
rCold  + . .     Clarity  .     e - +3 ring mail "Pnylihab" {rC+ Str+4 Int+3 Slay+5}
rNeg   . . .     SustAb   .     (no shield)
rPois  .         Gourm    .     c - +1 helmet
rElec  .         Spirit   .     s - +0 cloak (curse)
rCorr  .         Warding  .     (no gloves)
rMut   .         Stasis   .     (no boots)
MR     +....                    (no amulet)
Stlth  +.........               r - ring of flight
                                n - ring of protection from magic

@: about to teleport, somewhat resistant to hostile enchantments, very
unstealthy
A: blurry vision 1, fire resistance 1, frail 1
a: Renounce Religion, Evoke Flight


You were in a sewer.
You worshipped Xom.
You were a special plaything of Xom.
You were hungry.

You visited 2 branches of the dungeon, and saw 8 of its levels.
You also visited: Sewer.

You collected 256 gold pieces.

Inventory:

Hand weapons
 i - a +2 spear of distortion (weapon)
Armour
 c - a +1 helmet (worn)
 e - the +3 ring mail "Pnylihab" (worn) {rC+ Str+4 Int+3 Slay+5}
   (You found it in a sewer)

   It affects your strength (+4).
   It affects your intelligence (+3).
   It affects your accuracy and damage with ranged weapons and melee attacks
   (+5).
   It protects you from cold.
 o - a +0 ring mail
 s - a cursed +0 cloak (worn)
Jewellery
 d - the amulet of Prescription {Stasis MR++ Int+3}
   (You found it on level 4 of the Dungeon)

   [amulet of stasis]

   It prevents you from being teleported, slowed, hasted or paralysed.
   It affects your intelligence (+3).
   It affects your resistance to hostile enchantments.
 n - a ring of protection from magic (left hand)
 r - a ring of flight (right hand)
Magical devices
 a - a wand of flame (29)
 q - a wand of frost (23)
Scrolls
 b - a scroll of magic mapping
 l - 2 scrolls of identify
Potions
 j - 2 potions of brilliance
 k - a potion of might
 p - 2 potions of curing
Comestibles
 f - 4 bread rations
 g - a slice of pizza
 h - 3 meat rations


   Skills:
 + Level 3.2 Fighting
 + Level 2.2(3.0) Polearms
   Level 3.1(3.4) Staves
 + Level 2.4 Throwing
 + Level 2.9 Armour
 + Level 5.5 Dodging
 + Level 1.0 Stealth
 + Level 0.7 Evocations


You had 6 spell levels left.
You didn't know any spells.

Dungeon Overview and Level Annotations

Branches:
Dungeon (7/15)             Temple (1/1) D:5

Altars:
Dithmenos
Elyvilon
Fedhas
Gozag
Kikubaaqudgha
Makhleb
Nemelex Xobeh
Okawaru
Qazlal
Ru
Trog
Vehumet
Xom
Zin
The Shining One

Annotations:
D:5 Ijyb


Innate Abilities, Weirdness & Mutations

Scrolls take you a little longer to read.
Your flesh is heat resistant.
You are frail (-10% HP).


Message History

* * * LOW HITPOINT WARNING * * *
Xom is mildly amused.
The adder closely misses you. The river rat misses you.
The river rat misses you.
Your unstable footing causes you to fumble your attack. "Hum-dee-hum-dee-hum..."
The river rat is charmed.
The adder completely misses you. The rat bites your river rat.
Your river rat bites the rat.
The rat dies!
The river rat barely misses you. The rat barely misses your river rat.
The river rat completely misses you. The river rat bites you.
* * * LOW HITPOINT WARNING * * *
The rat misses your river rat.
You hit the river rat.
Space warps horribly around the river rat!
You kill the river rat!
The adder misses you.
Your river rat completely misses the adder.
The river rat bites you.
You die...

#..#......≈†≈......#
#.###......≈≈≈.....#
#∩###.....≈≈≈.......#
####.....≈≈≈≈≈..##...#
##††...≈≈≈≈..## ...#
#.....≈.≈≈≈..##...#
##.....≈≈≈≈≈≈r.#...#
#......≈≈≈≈≈≈rr...#
#.......≈≈≈≈@S....#
#.....≈.≈≈≈≈rr....#
##.....≈≈≈≈≈≈≈≈....#
##....≈≈≈≈≈≈≈≈.....#
#..(≈≈≈≈≈≈≈≈#.....#
##....≈≈≈≈≈≈≈##....#
#....≈≈≈≈≈≈≈≈≈ ....
#....≈≈≈≈≈≈≈≈≈ ...
##...≈≈≈≈≈≈≈≈≈


You could see an adder, 2 river rats, 2 rats and a friendly river rat.

Vanquished Creatures
  A scorpion (D:4)
  2 orc priests
  A giant frog skeleton (D:5)
  An orc wizard (D:5)
  A mummy (D:7)
  A gnoll (D:1)
  8 adders
  A river rat (Sewer)
  2 shadow imps
  A white imp (Temple)
  A worm (D:3)
  An ufetubus (Temple)
  The ghost of screeeopia the Ruffian, a weakling VSMo (D:3)
  3 giant geckos
  3 oozes
  9 orcs
  6 ball pythons
  6 giant cockroaches
  4 hobgoblins
  5 jackals
  4 quokkas
  5 bats
  5 giant newts
  3 goblins
  11 kobolds
  15 rats
101 creatures vanquished.

Vanquished Creatures (collateral kills)
  A rat (Sewer)
1 creature vanquished.

Vanquished Creatures (others)
  A scorpion (D:4)
  A crimson imp (D:5)
  A worker ant (D:4)
  2 adders
  A worm (D:5)
  A bat (D:4)
  2 fungi (D:4)
9 creatures vanquished.

Grand Total: 111 creatures vanquished

Notes
Turn   | Place    | Note
--------------------------------------------------------------
     0 | D:1      | HAWKINGL3623, the Human Gladiator, began the quest for the Orb.
     0 | D:1      | Reached XP level 1. HP: 16/16 MP: 1/1
   506 | D:1      | Reached XP level 2. HP: 16/22 MP: 2/2
  1341 | D:1      | Reached XP level 3. HP: 26/28 MP: 3/3
  1418 | D:2      | Reached skill level 1 in Armour
  1551 | D:2      | Gained mutation: Your flesh is heat resistant. [potion of beneficial mutation]
  1678 | D:2      | Reached XP level 4. HP: 32/34 MP: 4/4
  1682 | D:2      | Found a shimmering altar of Xom.
  1692 | D:2      | Became a worshipper of Xom of Chaos
  1785 | D:2      | Found a shadowy altar of Dithmenos.
  2157 | D:3      | Reached skill level 4 in Dodging
  2162 | D:3      | XOM is BORED!
  2162 | D:3      | XOM: silly message
  2291 | D:3      | Reached XP level 5. HP: 33/39 MP: 5/5
  2403 | D:3      | Noticed screeeopia's ghost (weakling VSMo)
  2407 | D:3      | Killed screeeopia's ghost
  2607 | D:3      | Reached skill level 1 in Stealth
  2707 | D:3      | XOM: mild Summ miscast
  2844 | D:4      | Got a shimmering bronze amulet
  2845 | D:4      | Identified the amulet of Prescription {Stasis MR++ Int+3} (You found it on level 4 of the Dungeon)
  2944 | D:4      | XOM: silly message
  3014 | D:4      | Reached skill level 1 in Polearms
  3014 | D:4      | Reached XP level 6. HP: 43/47 MP: 6/6
  3073 | D:4      | XOM: scenery: create altars
  3118 | D:4      | You fall through a shaft for 3 floors!
  3120 | D:7      | XOM: colour smoke trail
  3160 | D:7      | XOM: harmless Chrm miscast
  3612 | D:6      | XOM: enchant monster (bad)
  3619 | D:5      | Entered Level 5 of the Dungeon
  3641 | D:5      | XOM: harmless Erth miscast
  3662 | D:5      | XOM: give mutations
  3662 | D:5      | Gained mutation: Scrolls take you a little longer to read. [Xom's mischief]
  3662 | D:5      | Gained mutation: You are frail (-10% HP). [Xom's mischief]
  3781 | D:5      | Found a staircase to the Ecumenical Temple.
  3795 | Temple   | Entered the Ecumenical Temple
  3806 | Temple   | XOM: summons 3 hostile demons
  4004 | D:5      | Found a glowing golden altar of the Shining One.
  4024 | D:5      | Noticed Ijyb
  4030 | D:5      | Noticed Ijyb
  4030 | D:5      | Ijyb changed into Ijyb the scorpion
  4030 | D:5      | XOM: polymorph Ijyb -> Ijyb the scorpion
  4122 | D:5      | Reached skill level 5 in Dodging
  4133 | D:5      | XOM: confusion (+ monsters)
  4148 | D:5      | Reached XP level 7. HP: 25/46 MP: 7/7
  4185 | D:5      | XOM: medium Chrm miscast
  4213 | D:5      | Found a glowing drain.
  4249 | Sewer    | Entered a sewer
  4477 | Sewer    | Got a slimy ring mail
  4488 | Sewer    | Identified the +3 ring mail "Pnylihab" {rC+ Str+4 Int+3 Slay+5} (You found it in a sewer)
  4530 | Sewer    | XOM: enchant monster (good)
  4530 | Sewer    | HP: 2/46 [river rat (1)]
  4531 | Sewer    | Slain by a river rat

Action                   |  1- 3 |  4- 6 |  7- 9 || total
-------------------------+-------+-------+-------++-------
Melee: Quarterstaff      |    22 |       |       ||    22
       Short sword       |    34 |       |       ||    34
       Spear             |    16 |   210 |    74 ||   300
Throw: Throwing net      |     6 |     1 |       ||     7
       Stone             |       |     3 |       ||     3
Evoke: Wand              |       |     3 |     3 ||     6
  Use: Scroll            |     3 |    12 |     1 ||    16
       Potion            |     2 |     3 |     1 ||     6
 Stab: Sleeping          |     2 |     1 |       ||     3
  Eat: Chunk             |     2 |     5 |     1 ||     8
       Pizza             |       |     1 |       ||     1
       Beef jerky        |       |     1 |       ||     1
